 Dungeon Crawl Stone Soup version 0.21.1-1-g345015fe64 (webtiles) character file.

8340 Hopiakuusi the Carver (level 11, 0/160 HPs)
             Began as a Troll Berserker on Mar 3, 2018.
             Was a High Priest of Trog.
             Slain by a four-headed hydra (9 damage)
             ... on level 2 of the Lair of Beasts.
             The game lasted 00:55:26 (8836 turns).

Hopiakuusi the Carver (Troll Berserker)             Turns: 8836, Time: 00:55:28

Health: 0/160      AC:  7    Str: 32    XL:     11   Next: 8%
Magic:  10/10      EV: 13    Int:  3    God:    Trog [*****.]
Gold:   377        SH:  5    Dex: 12    Spells: 10/10 levels left

rFire    . . .     SeeInvis .   w - +3 flail (crush)
rCold    . . .     Gourm    +   (no shield)
rNeg     . . .     Faith    .   r - +2 robe {MR+}
rPois    .         Spirit   .   (helmet restricted)
rElec    .         Reflect  +   (no cloak)
rCorr    .         Harm     .   (gloves unavailable)
MR       +....                  (boots unavailable)
Stlth    ..........             z - +5 amulet of reflection
HPRegen  0.76/turn              (no ring)
MPRegen  0.12/turn              (no ring)

@: berserking, very quick
A: large, unfitting armour, claws 3, fast metabolism 3, gourmand, regeneration
1, shaggy fur 1, tough skin 2
a: Berserk, Trog's Hand, Brothers in Arms, Burn Spellbooks, Renounce Religion


You were on level 2 of the Lair of Beasts.
You worshipped Trog.
Trog was extremely pleased with you.
You were not hungry.

You visited 2 branches of the dungeon, and saw 10 of its levels.

You collected 491 gold pieces.
You spent 114 gold pieces at shops.

Inventory:

Hand Weapons
 v - a +3 long sword of slicing
 w - a +3 flail of crushing (weapon)
 x - a +0 hunting sling
 K - a +1 war axe of electrocution
Missiles
 j - 349 stones (quivered)
 B - 18 sling bullets
Armour
 a - a +2 animal skin
 r - a +2 robe of magic resistance (worn)
Jewellery
 p - an uncursed ring of teleportation
 y - an uncursed ring of poison resistance
 z - a +5 amulet of reflection (around neck)
Wands
 m - a wand of disintegration (25)
 t - a wand of iceblast (9)
 C - a wand of paralysis (39)
 R - a wand of flame (20)
Scrolls
 d - 10 scrolls of identify
 g - 4 scrolls of blinking
 h - a scroll of enchant armour
 k - 4 scrolls of remove curse
Potions
 e - a potion of flight {unknown}
 i - a potion of berserk rage {unknown}
 n - 2 potions of degeneration {unknown}
 q - 2 potions of magic {unknown}
 s - 3 potions of lignification
 u - 7 potions of curing
 A - a potion of cancellation {unknown}
 D - a potion of haste {unknown}
 G - a potion of brilliance {unknown}
 H - a potion of resistance {unknown}
 I - 2 potions of agility {unknown}
 L - a potion of invisibility {unknown}
Books
 l - a book of Clouds

   Spells                             Type                      Level
   a - Poisonous Vapours              Poison/Air                   2
   b - Mephitic Cloud                 Conjuration/Poison/Air       3
   c - Conjure Flame                  Conjuration/Fire             3
   d - Freezing Cloud                 Conjuration/Ice/Air          6
   e - Ring of Flames                 Charms/Fire                  7
   Trog disapproves of the use of such an item.
 J - a book of Clouds

   Spells                             Type                      Level
   a - Poisonous Vapours              Poison/Air                   2
   b - Mephitic Cloud                 Conjuration/Poison/Air       3
   c - Conjure Flame                  Conjuration/Fire             3
   d - Freezing Cloud                 Conjuration/Ice/Air          6
   e - Ring of Flames                 Charms/Fire                  7
   Trog disapproves of the use of such an item.
 P - a book of Clouds

   Spells                             Type                      Level
   a - Poisonous Vapours              Poison/Air                   2
   b - Mephitic Cloud                 Conjuration/Poison/Air       3
   c - Conjure Flame                  Conjuration/Fire             3
   d - Freezing Cloud                 Conjuration/Ice/Air          6
   e - Ring of Flames                 Charms/Fire                  7
   Trog disapproves of the use of such an item.
 Q - a book of Beasts

   Spells                             Type                      Level
   a - Summon Butterflies             Summoning                    1
   b - Call Canine Familiar           Summoning                    3
   c - Summon Ice Beast               Ice/Summoning                4
   d - Summon Mana Viper              Hexes/Summoning              5
   e - Summon Hydra                   Summoning                    7
   Trog disapproves of the use of such an item.
Comestibles
 b - 15 rations


   Skills:
 + Level 6.8 Fighting
 + Level 10.9 Long Blades
 + Level 6.3 Dodging
 - Level 0.3 Stealth
 - Level 5.3 Unarmed Combat


You had 10 spell levels left.
You didn't know any spells.

Dungeon Overview and Level Annotations

Branches:
Dungeon (8/15)             Temple (0/1) D:7            Lair (2/6) D:8
  Swamp: Lair:2-4    Shoals: Lair:2-4     Snake: Lair:2-4    Spider: Lair:2-4

Altars:
Gozag
Qazlal
Zin
The Shining One

Shops:
D:6 ?(=(*   D:8 }:


Innate Abilities, Weirdness & Mutations

You are too large for most types of armour.
You have claws for hands.
Your metabolism is lightning-fast.
You like to eat raw meat.
Your natural rate of healing is unusually fast.
You are covered in fur. (AC +1)
You have very tough skin. (AC +2)


Message History

The four-headed hydra bites you.
* * * LOW HITPOINT WARNING * * *
The four-headed hydra closely misses you.
You hit the four-headed hydra.
The four-headed hydra is severely wounded.
The four-headed hydra bites you!
* * * LOW HITPOINT WARNING * * *
The four-headed hydra bites you.
* * * LOW HITPOINT WARNING * * *
The four-headed hydra bites you!
* * * LOW HITPOINT WARNING * * *
You block the four-headed hydra's attack.
You barely miss the four-headed hydra.
The four-headed hydra is severely wounded.
The four-headed hydra bites you.
* * * LOW HITPOINT WARNING * * *
The four-headed hydra misses you.
You block the four-headed hydra's attack.
The four-headed hydra bites you!
You die...

.###### ## ##
...#P#.#.####.#
..............
...........# .
........# ..
#.#....### #..#
#.@D....#.
.....##........
......#.....##.
#......#
#P....##
.........?.
.............
....!..........
...............


You could see a four-headed hydra.

Vanquished Creatures
  2 two-headed ogres (D:8)
  A black mamba (Lair:1)
  A spiny frog (Lair:1)
  2 komodo dragons (Lair:1)
  2 ice devils (Lair:1)
  3 hippogriffs
  Sigmund (D:4)
  The ghost of maxonian the Covered, an amateur DgWn (D:3)
  Edmund (D:4)
  Menkaure (D:6)
  9 water moccasins
  4 ice beasts
  4 porcupines (Lair:1)
  2 orc warriors
  3 sky beasts
  2 ogres
  5 wolves (Lair:1)
  2 centaurs (D:8)
  A crocodile (Lair:1)
  5 bullfrogs
  A howler monkey (D:5)
  4 crimson imps
  A bullfrog zombie (D:5)
  A gnoll shaman (D:6)
  3 hounds
  A centaur skeleton (D:4)
  3 orc priests
  5 orc wizards
  3 iguanas
  5 worker ants
  2 hound zombies (D:6)
  Robin (D:4)
  A howler monkey zombie (D:6)
  7 gnolls
  12 adders
  A shadow imp (D:4)
  An ooze (D:2)
  An adder skeleton (D:4)
  3 worms
  A dart slug (D:2)
  6 leopard geckos
  19 orcs
  13 bats
  5 giant cockroaches
  7 hobgoblins
  6 jackals
  3 kobolds
  4 frilled lizards
  15 goblins
  A jackal skeleton (D:5)
  A quokka skeleton (D:5)
  A quokka zombie (D:5)
  9 rats
199 creatures vanquished.

Vanquished Creatures (others)
  4 fungi (Lair:1)
  2 plants (Lair:1)
6 creatures vanquished.

Grand Total: 205 creatures vanquished

Notes
Turn   | Place    | Note
-------+----------+-------------------------------------------
     0 | D:1      | Hopiakuusi the Troll Berserker began the quest for the Orb.
     0 | D:1      | Reached XP level 1. HP: 22/22 MP: 0/0
    60 | D:1      | Reached XP level 2. HP: 29/29 MP: 1/1
   530 | D:1      | Found a glowing golden altar of the Shining One.
   645 | D:2      | Reached ** piety under Trog
   645 | D:2      | Reached XP level 3. HP: 30/36 MP: 2/2
   946 | D:2      | Reached XP level 4. HP: 42/45 MP: 3/3
  1151 | D:2      | Noticed a bullfrog
  1166 | D:2      | Killed a bullfrog
  1166 | D:2      | Reached XP level 5. HP: 16/53 MP: 4/4
  1513 | D:3      | Noticed maxonian's ghost (amateur DgWn)
  1547 | D:3      | Killed maxonian's ghost
  1547 | D:3      | Reached skill level 5 in Unarmed Combat
  1547 | D:3      | Reached XP level 6. HP: 25/61 MP: 5/5
  2107 | D:4      | Reached *** piety under Trog
  2112 | D:4      | Reached skill level 1 in Long Blades
  2177 | D:4      | Noticed Robin
  2183 | D:4      | Killed Robin
  2348 | D:4      | Reached skill level 2 in Long Blades
  2349 | D:4      | Reached XP level 7. HP: 48/67 MP: 6/6
  2357 | D:4      | Noticed Edmund
  2374 | D:4      | Killed Edmund
  2374 | D:4      | Reached skill level 3 in Long Blades
  2503 | D:4      | Noticed Sigmund
  2518 | D:4      | Killed Sigmund
  2559 | D:4      | Reached skill level 4 in Long Blades
  2732 | D:5      | Entered Level 5 of the Dungeon
  3112 | D:5      | Reached XP level 8. HP: 53/78 MP: 7/7
  3319 | D:5      | Reached skill level 5 in Long Blades
  3537 | D:5      | Reached **** piety under Trog
  4333 | D:6      | Reached skill level 6 in Long Blades
  4414 | D:6      | Found Jiakhoyj's Magic Scroll Emporium.
  4414 | D:6      | Noticed Menkaure
  4422 | D:6      | Killed Menkaure
  4522 | D:6      | Bought a scroll of remove curse for 39 gold pieces
  4522 | D:6      | Bought a scroll of remove curse for 39 gold pieces
  4687 | D:6      | Reached XP level 9. HP: 34/85 MP: 8/8
  4796 | D:6      | Reached skill level 7 in Long Blades
  4887 | D:6      | Found Izxaclat's Jewellery Emporium.
  4898 | D:6      | Found Uquener's Weapon Shoppe.
  4961 | D:6      | Found Goyrch's Antique Weapon Shop.
  5435 | D:6      | Found Buecitya's General Store.
  5447 | D:6      | Bought a potion of curing for 36 gold pieces
  5741 | D:7      | Reached skill level 5 in Dodging
  5781 | D:7      | Found a staircase to the Ecumenical Temple.
  6049 | D:8      | Found Gingepsun's Book Emporium.
  6078 | D:8      | Reached skill level 8 in Long Blades
  6104 | D:8      | Found Moolyurul's Gadget Shoppe.
  6200 | D:8      | Noticed a two-headed ogre
  6202 | D:8      | Noticed a two-headed ogre
  6239 | D:8      | Reached skill level 5 in Fighting
  6304 | D:8      | Found a staircase to the Lair.
  6335 | D:8      | Killed a two-headed ogre
  6335 | D:8      | Reached skill level 9 in Long Blades
  6336 | D:8      | Reached ***** piety under Trog
  6445 | D:8      | Killed a two-headed ogre
  6445 | D:8      | Reached XP level 10. HP: 85/98 MP: 9/9
  6473 | D:8      | Found a glowing silver altar of Zin.
  6690 | D:8      | Found a stormy altar of Qazlal.
  6690 | D:8      | Found an opulent altar of Gozag.
  6742 | Lair:1   | Entered Level 1 of the Lair of Beasts
  7107 | Lair:1   | Reached skill level 10 in Long Blades
  7141 | Lair:1   | Noticed a spiny frog
  7145 | Lair:1   | Killed a spiny frog
  7227 | Lair:1   | Noticed a five-headed hydra
  7369 | Lair:1   | Noticed a black mamba
  7381 | Lair:1   | Killed a black mamba
  7751 | Lair:1   | Noticed a four-headed hydra
  8020 | Lair:1   | Reached XP level 11. HP: 22/107 MP: 10/10
  8836 | Lair:2   | Slain by a four-headed hydra

Skill      XL: |  1  2  3  4  5  6  7  8  9 10 |
---------------+-------------------------------+-----
Fighting       | 3 4 5 6 |  6.8
Dodging        | 3 4 5 6 |  6.3
Unarmed Combat | 4 5 |  5.3
Long Blades    | 2 4 6 9 10 | 10.9
Stealth        | |  0.3

Action                   |  1- 3 |  4- 6 |  7- 9 | 10-12 || total
-------------------------+-------+-------+-------+-------++-------
Melee: Unarmed           |    82 |    87 |       |       ||   169
       Punch             |       |     4 |    13 |     4 ||    21
       Long sword        |       |    60 |   328 |   158 ||   546
       Flail             |       |       |       |     4 ||     4
Invok: Berserk           |       |       |     1 |     1 ||     2
  Use: Potion            |       |       |     2 |     2 ||     4
       Scroll            |       |       |     6 |     9 ||    15
 Stab: Sleeping          |       |       |     2 |       ||     2
  Eat: Chunk             |    14 |    13 |    34 |    14 ||    75
       Ration            |       |       |     1 |     1 ||     2
Armor: Animal skin       |    37 |    10 |       |       ||    47
       Robe              |       |    41 |    88 |    37 ||   166
       Skin              |       |       |     6 |       ||     6
Dodge: Dodged            |    43 |    84 |   196 |   113 ||   436
Block: Other             |       |       |    53 |    50 ||   103
       Reflection        |       |       |     1 |       ||     1
       Rpst.: Long sword |       |     9 |    58 |    30 ||    97
